 Dungeon Crawl Stone Soup version 0.31.0-9-g3a7656b989 (webtiles) character file.

Game seed: 3280875573737179165

34451 sarposarpo the Thaumaturge (level 14, -9/108 HPs)
             Began as a Djinni Conjurer on Jan 23, 2024.
             Was the Champion of Makhleb.
             Mangled by a catoblepas (16 damage)
             ... while petrified by a catoblepas
             ... on level 2 of the Lair of Beasts on Jan 24, 2024.
             The game lasted 00:33:04 (16817 turns).

sarposarpo the Thaumaturge (Djinni Conjurer)       Turns: 16817, Time: 00:33:04

Health: -9/108     AC:  6    Str:  9    XL:     14   Next: 13%
Gold:   1160       EV:  2    Int: 40    God:    Makhleb [******] SH:  0 Dex: 12

rFire   + + .        A - +7 spear "Goblinslayer" {drain, Int+5}
rCold   . . .        (no shield)
rNeg    + + +        M - +2 robe {rC+}
rPois   ∞            s - +0 helmet
rElec   +            V - +0 cloak
rCorr   .            (no gloves)
SInv    .            (boots unavailable)
Will    +....        (no amulet)
Stlth   ++           N - ring "Qemeu" {rPois rN+ Str+3 Int+6}
HPRegen 0.38/turn    l - ring of Hudweloh {Fly rElec Int+4}
MPRegen 0.00/turn

%: infuse magic (-10 HP)
@: petrified, marked, flying
A: sickness immunity, fire resistance 2, cold vulnerability 1, float, innate
caster, HP casting, extra vitality 1
a: Renounce Religion, Minor Destruction, Lesser Servant of Makhleb, Major
Destruction, Greater Servant of Makhleb


You were on level 2 of the Lair of Beasts.
You worshipped Makhleb.
Makhleb was exalted by your worship.
You visited 4 branches of the dungeon, and saw 16 of its levels.
You also visited: Sewer, Bailey and Gauntlet.

You collected 1643 gold pieces.
You spent 483 gold pieces at shops.

Inventory:

Hand Weapons
 A - the +7 spear "Goblinslayer" (weapon) {drain, Int+5}
   (You found it on level 10 of the Dungeon)

   Int+5:     It affects your intelligence (+5).
Missiles
 i - 12 throwing nets
Armour
 s - a +0 helmet (worn)
 v - +0 acid dragon scales
 M - a +2 robe of cold resistance (worn)
 T - a +2 robe of willpower
 V - a +0 cloak (worn)
Jewellery
 h - a +6 ring of intelligence
 j - a +5 ring of evasion
 l - the ring of Hudweloh (right hand) {Fly rElec Int+4}
   (You found it on level 3 of the Dungeon)

   [ring of flight]

   Int+4:     It affects your intelligence (+4).
   rElec:     It insulates you from electricity.
   Fly:       It grants you flight.
 F - the ring of Yqidos {^Contam *Slow rPois Int+9 Stlth+}
   (You found it in a bailey)

   [ring of poison resistance]

   Int+9:     It affects your intelligence (+9).
   rPois:     It protects you from poison ^Contam: It causes magical
   contamination when unequipped.
   *Slow:     It may slow you when you take damage.
   Stlth+:    It makes you more stealthy.
 H - a ring of willpower
 L - a ring of ice
 N - the ring "Qemeu" (left hand) {rPois rN+ Str+3 Int+6}
   (You found it in a Gauntlet)

   [ring of poison resistance]

   Str+3:     It affects your strength (+3).
   Int+6:     It affects your intelligence (+6).
   rPois:     It protects you from poison rN+: It protects you from negative
   energy.
 O - the ring "Amoscheus" {rN+ MP+9 Str+3 Int+6 Dex-4}
   (You found it in a Gauntlet)

   [ring of positive energy]

   Str+3:     It affects your strength (+3).
   Int+6:     It affects your intelligence (+6).
   Dex-4:     It affects your dexterity (-4).
   rN+:       It protects you from negative energy.
   MP+9:      It affects your magic capacity (+9).
 R - the ring of Lies {MP+9 Str+4}
   (You found it in a Gauntlet)

   [ring of magical power]

   Str+4:     It affects your strength (+4).
   MP+9:      It affects your magic capacity (+9).
Wands
 o - a wand of charming (12)
 p - a wand of roots (24)
 E - a wand of polymorph (5)
 W - a wand of mindburst (3)
Scrolls
 a - a scroll of immolation
 b - a scroll of poison
 c - a scroll of vulnerability {unknown}
 d - 6 scrolls of teleportation
 e - 3 scrolls of fear
 f - 5 scrolls of noise
 u - 2 scrolls of enchant weapon
 y - 5 scrolls of enchant armour
 C - 2 scrolls of butterflies
 G - a scroll of blinking
 I - a scroll of revelation
 K - a scroll of fog
 S - a scroll of amnesia {unknown}
Potions
 g - 4 potions of haste
 k - 6 potions of curing
 m - 5 potions of mutation
 q - 2 potions of attraction
 r - 4 potions of heal wounds {unknown}
 t - 2 potions of degeneration {unknown}
 w - 2 potions of cancellation {unknown}
 x - 2 potions of brilliance {unknown}
 B - a potion of invisibility {unknown}
 P - a potion of resistance
Miscellaneous
 D - a tin of tremorstones (2/2)
 U - a phantom mirror


   Skills:
 + Level 12.4 Fighting
 + Level 13.9 Dodging
 - Level 1.5 Stealth
 * Level 14.1 Spellcasting
 * Level 14.1 Conjurations
 * Level 14.1 Hexes
 * Level 14.1 Summonings
 * Level 14.1 Necromancy
 * Level 14.1 Translocations
 * Level 14.1 Fire Magic
 * Level 14.1 Ice Magic
 * Level 14.1 Air Magic
 * Level 14.1 Earth Magic
 * Level 14.1 Alchemy


You knew the following spells:

 Your Spells              Type           Power      Damage    Failure   Level
a - Magic Dart            Conj           100%       1d8       0%          1
b - Searing Ray           Conj           100%       2d8       0%          2
c - Fulminant Prism       Conj/Alch      48%        3d20      1%          4
d - Iskenderun's Mystic   Conj/Tloc      96%        2d19      1%          4
e - Summon Small Mammal   Summ           100%       N/A       0%          1
f - Ensorcelled Hibernat  Hex/Ice        100%       N/A       0%          2
g - Confusing Touch       Hex            96%        N/A       0%          3
h - Flame Wave            Conj/Fire      96%        2d20      1%          4
i - Leda's Liquefaction   Alch/Erth      48%        N/A       1%          4
j - Summon Forest         Summ/Tloc      48%        N/A       1%          5
Your spell library was empty.

Dungeon Overview and Level Annotations

Branches:
Dungeon (11/15)            Temple (1/1) D:5            Lair (2/5) D:8
    Orc (2/2) D:9             Elf (0/3) Orc:2         Sewer (visited)
 Bailey (visited)         Gauntlet (visited)
  Swamp: Lair:2-3    Shoals: Lair:2-3     Snake: Lair:2-3    Spider: Lair:2-3

Altars:
Ashenzari
Cheibriados
Dithmenos
Elyvilon
Fedhas
Gozag
Hepliaklqana
Makhleb
Nemelex Xobeh
Okawaru
Qazlal
Ru
Trog
Uskayaw
Wu Jian
Xom
Yredelemnul
Zin
The Shining One

Shops:
Orc:2 *=(*

Annotations:
D:4 2 transporters
D:9 4 transporters


Innate Abilities, Weirdness & Mutations

You are immune to sickness and miasma.
You are immune to poison.
Your flesh is very heat resistant. (rF++)
You are vulnerable to cold. (rC-)
You float through the air rather than walking.
You learn spells naturally, not from books.
Your magical power is your life essence.
You have superior vitality. (+4 MHP)


Message History

Your fulminant prism crackles loudly.
The blink frog hits you!
The blink frog blinks!
The catoblepas gores you!
Your fulminant prism explodes!
The blast of energy engulfs the fungus!!!
The fungus begins to die.
The fungus is moderately damaged.
The blast of energy engulfs the catoblepas!!
The catoblepas is heavily wounded.
The blink frog blinks!
The catoblepas breathes a plume of calcifying dust at you.
The blast of calcifying dust hits you.
You are engulfed in calcifying dust.
A water moccasin comes into view.
The catoblepas gores you!! The black mamba bites you.
You are engulfed in calcifying dust.
The black mamba bites you!
The blink frog blinks! x2; The scorpion stings you.
The catoblepas gores you!
You are engulfed in calcifying dust.
A nearby fungus withers and dies.
The black mamba bites you!
The scorpion stings you but does no damage.
The black mamba bites you. The catoblepas completely misses you.
The blink frog blinks!
The blink frog hits you. The black mamba bites you! The scorpion stings you.
* * * LOW HITPOINT WARNING * * *
A yak comes into view.
The blink frog hits you!
* * * LOW HITPOINT WARNING * * *
The blink frog blinks!
The black mamba bites you!
* * * LOW HITPOINT WARNING * * *
The catoblepas breathes a plume of calcifying dust at you.
The blast of calcifying dust hits you.
* * * LOW HITPOINT WARNING * * *
The blink frog hits you!
* * * LOW HITPOINT WARNING * * *
The scorpion stings you.
You are engulfed in calcifying dust.
The black mamba bites you!
* * * LOW HITPOINT WARNING * * *
The blink frog hits you!
* * * LOW HITPOINT WARNING * * *
The blink frog blinks!
The catoblepas gores you!!
You die...

#.... ... #.... ....#
##.... #....#
#.....## ###......
##.....##+##.#......
#.....<.............
.......§..)..........
............SFY......
........F.FsD@.....P#
#...........§§S......
##....PP#.##.##../.##
#....####.### Y...#
..... #. ....# ...#.
...+ .>##


You could see a catoblepas, a five-headed hydra, a black mamba, a yak, 3 blink
frogs, a water moccasin and a scorpion.

Vanquished Creatures
  An orc warlord (Orc:2)
  A minotaur (Gauntlet)
  Fannar (D:10)
  A two-headed ogre (D:11)
  4 orc high priests (Orc:2)
  The ghost of dakkaduck the Severer, a novice MiBe of Trog (D:9)
  A lightning spire (Gauntlet)
  8 orc sorcerers
  A black mamba (Lair:1)
  An eye of devastation (Gauntlet)
  2 kobold blastminers (Orc:2)
  2 unseen horrors (D:11)
  A cane toad (Lair:1)
  5 komodo dragons
  3 kobold demonologists
  4 trolls
  2 polar bears (Lair:1)
  4 hornets
  2 glass eyes (Gauntlet)
  A raiju (Gauntlet)
  32 yaks
  3 wraiths
  A vampire (D:10)
  Eustachio (D:4)
  3 wargs (Orc:2)
  A basilisk (Lair:1)
  Grum (D:11)
  4 vampire mosquitoes (D:11)
  An acid dragon (D:10)
  7 water moccasins
  23 orc warriors
  3 sky beasts
  4 black bears
  3 ogres
  2 ice beasts (D:7)
  12 wolves
  13 centaurs
  2 phantoms
  2 brain worms (Sewer)
  12 kobold brigands
  7 bullfrogs
  6 gnoll sergeants (Bailey)
  3 scorpions
  5 wights (D:7)
  9 killer bees
  2 howler monkeys
  5 bombardier beetles
  10 gnoll boudas
  4 hounds
  4 jellies
  35 orc priests
  A sleepcap (D:6)
  Ijyb (D:3)
  4 iguanas
  23 orc wizards
  4 hell rats (Lair:1)
  Robin (D:4)
  26 gnolls
  6 river rats (Sewer)
  18 adders
  A shadow imp (D:8)
  4 white imps
  A ribbon worm (D:2)
  4 dart slugs
  74 orcs
  15 ball pythons
  5 endoplasms
  5 giant cockroaches
  15 goblins
  9 hobgoblins
  9 jackals
  15 quokkas
  10 bats
  6 frilled lizards
  13 kobolds
  9 rats
545 creatures vanquished.

Vanquished Creatures (others)
  33 fulminant prisms
33 creatures vanquished.

Grand Total: 578 creatures vanquished

Notes
Turn   | Place    | Note
-------+----------+-------------------------------------------
     0 | D:1      | sarposarpo the Djinni Conjurer began the quest for the Orb.
     0 | D:1      | sarposarpo set off with the following spells memorised:
                  | Magic Dart, Searing Ray, Fulminant Prism, Iskenderun's
                  | Mystic Blast.
     0 | D:1      | Reached XP level 1. HP: 15/15 MP: 0/0
    48 | D:1      | Reached XP level 2. HP: 16/22 MP: 0/0
   203 | D:1      | Reached skill level 1 in Fighting
   316 | D:1      | Reached XP level 3. HP: 24/27 MP: 0/0
   316 | D:1      | Learned a level 1 spell: Summon Small Mammal
   760 | D:2      | Reached XP level 4. HP: 20/32 MP: 0/0
  1523 | D:3      | Identified the ring of Hudweloh {Fly rElec Int+4}
  1619 | D:3      | Found an ornate altar of the Wu Jian Council.
  1621 | D:3      | Found a snail-covered altar of Cheibriados.
  1629 | D:3      | Found a white marble altar of Elyvilon.
  1690 | D:3      | Reached XP level 5. HP: 36/38 MP: 0/0
  1690 | D:3      | Learned a level 2 spell: Ensorcelled Hibernation
  2211 | D:4      | Noticed Ijyb
  2225 | D:4      | Reached skill level 5 in Spellcasting
  2225 | D:4      | Reached skill level 5 in Conjurations
  2225 | D:4      | Reached skill level 5 in Hexes
  2225 | D:4      | Reached skill level 5 in Summonings
  2225 | D:4      | Reached skill level 5 in Necromancy
  2225 | D:4      | Reached skill level 5 in Translocations
  2225 | D:4      | Reached skill level 5 in Fire Magic
  2225 | D:4      | Reached skill level 5 in Ice Magic
  2225 | D:4      | Reached skill level 5 in Air Magic
  2225 | D:4      | Reached skill level 5 in Earth Magic
  2225 | D:4      | Reached skill level 5 in Alchemy
  2294 | D:3      | Killed Ijyb
  2295 | D:3      | Reached XP level 6. HP: 26/45 MP: 0/0
  2617 | D:4      | Reached XP level 7. HP: 40/50 MP: 0/0
  2617 | D:4      | Learned a level 3 spell: Confusing Touch
  2883 | D:4      | Found a transporter.
  2883 | D:4      | Noticed a fire bat
  2883 | D:4      | Noticed a fire bat
  2884 | D:4      | Noticed a fire bat
  2963 | D:4      | Noticed Robin
  2968 | D:4      | Killed Robin
  3016 | D:4      | Noticed Eustachio
  3045 | D:4      | Killed Eustachio
  3201 | D:4      | Found a transporter.
  3650 | D:5      | Entered Level 5 of the Dungeon
  3748 | D:5      | Reached XP level 8. HP: 51/58 MP: 0/0
  3946 | D:5      | Found a staircase to the Ecumenical Temple.
  3955 | Temple   | Entered the Ecumenical Temple
  3989 | Temple   | Became a worshipper of Makhleb the Destroyer
  4073 | D:5      | Reached skill level 5 in Fighting
  4950 | D:6      | Reached XP level 9. HP: 52/65 MP: 0/0
  4950 | D:6      | Learned a level 4 spell: Flame Wave
  4982 | D:6      | Found a glowing drain.
  5006 | Sewer    | Entered a sewer
  5096 | Sewer    | Reached * piety under Makhleb
  6492 | D:6      | Reached XP level 10. HP: 69/75 MP: 0/0
  6514 | D:6      | Reached ** piety under Makhleb
  7280 | D:7      | Reached skill level 10 in Spellcasting
  7280 | D:7      | Reached skill level 10 in Conjurations
  7280 | D:7      | Reached skill level 10 in Hexes
  7280 | D:7      | Reached skill level 10 in Summonings
  7280 | D:7      | Reached skill level 10 in Necromancy
  7280 | D:7      | Reached skill level 10 in Translocations
  7280 | D:7      | Reached skill level 10 in Fire Magic
  7280 | D:7      | Reached skill level 10 in Ice Magic
  7280 | D:7      | Reached skill level 10 in Air Magic
  7280 | D:7      | Reached skill level 10 in Earth Magic
  7280 | D:7      | Reached skill level 10 in Alchemy
  7734 | D:7      | Found a stormy altar of Qazlal.
  8114 | D:7      | Identified a scroll of acquirement
  8115 | D:7      | Acquired a manual of Dodging
  8306 | D:8      | Found a staircase to the Lair.
  8354 | D:8      | Found a glowing golden altar of the Shining One.
  8544 | D:8      | Found a basalt altar of Yredelemnul.
  8790 | D:8      | Noticed a profane servitor
  9365 | D:8      | Reached XP level 11. HP: 78/82 MP: 0/0
  9365 | D:8      | Learned a level 4 spell: Leda's Liquefaction
  9700 | D:9      | Reached skill level 5 in Dodging
  9816 | D:9      | Reached *** piety under Makhleb
  9883 | D:9      | Found a transporter.
  9899 | D:9      | Found a transporter.
 10122 | D:9      | Found a bloodstained altar of Trog.
 10270 | D:9      | Found a staircase to the Orcish Mines.
 10454 | D:9      | Found a transporter.
 10463 | D:9      | Found a transporter.
 10544 | D:9      | Found a runed translucent gate.
 10544 | D:9      | Found a runed translucent gate.
 10544 | D:9      | Found a runed translucent gate.
 10545 | D:9      | Noticed dakkaduck's ghost (novice MiBe)
 10757 | D:9      | Reached **** piety under Makhleb
 10766 | D:9      | Killed dakkaduck's ghost
 10852 | D:10     | Entered Level 10 of the Dungeon
 10897 | D:10     | Found a flagged portal.
 10911 | D:10     | Identified the +7 spear "Goblinslayer" {drain, Int+5}
 10912 | D:10     | Identified the +4 spear "Ukkim" {antimagic, Str+3 SInv}
 10917 | Bailey   | Entered a bailey
 11332 | Bailey   | Reached ***** piety under Makhleb
 11372 | Bailey   | Identified the ring of Yqidos {^Contam *Slow rPois Int+9
                  | Stlth+}
 11641 | D:10     | Reached XP level 12. HP: 90/91 MP: 0/0
 11645 | D:10     | Reached skill level 10 in Fighting
 11959 | D:10     | Noticed Fannar
 11969 | D:10     | Killed Fannar
 12052 | D:11     | Found a gate leading to a gauntlet.
 12061 | Gauntlet | Entered a Gauntlet
 12061 | Gauntlet | Found a transporter.
 12061 | Gauntlet | Found a transporter.
 12072 | Gauntlet | Found a transporter.
 12075 | Gauntlet | Found a transporter.
 12079 | Gauntlet | Found a runed translucent door.
 12079 | Gauntlet | Found a runed translucent door.
 12089 | Gauntlet | Found a transporter.
 12093 | Gauntlet | Found a transporter.
 12107 | Gauntlet | Found a transporter.
 12124 | Gauntlet | Found a transporter.
 12124 | Gauntlet | Noticed a dire elephant
 12139 | Gauntlet | Found a transporter.
 12143 | Gauntlet | Found a transporter.
 12154 | Gauntlet | Found a transporter.
 12155 | Gauntlet | Found a transporter.
 12204 | Gauntlet | Identified the ring "Qemeu" {rPois rN+ Str+3 Int+6}
 12247 | Gauntlet | Reached skill level 10 in Dodging
 12253 | Gauntlet | Identified the ring "Amoscheus" {rN+ MP+9 Str+3 Int+6
                  | Dex-4}
 12390 | Gauntlet | Identified the ring "Etuorob" {MP+9 AC+4 Int-3 SInv Stlth+}
 12394 | Gauntlet | Identified the ring of Lies {MP+9 Str+4}
 12409 | Gauntlet | Noticed a minotaur
 12430 | Gauntlet | Killed a minotaur
 12448 | Gauntlet | Identified the +0 robe "Hiowyff" {-Tele Str+5 Dex+7}
 12448 | Gauntlet | Identified the +2 spear "Kuvviduu" {elec, rPois rC- Stlth+}
 12583 | D:11     | Found a sacrificial altar of Ru.
 12726 | D:11     | Noticed Grum
 12732 | D:11     | Killed Grum
 12770 | D:11     | Noticed a two-headed ogre
 12775 | D:11     | Killed a two-headed ogre
 13532 | Orc:1    | Entered Level 1 of the Orcish Mines
 13660 | Orc:1    | Reached XP level 13. HP: 92/99 MP: 0/0
 13660 | Orc:1    | Learned a level 5 spell: Summon Forest
 14159 | Orc:2    | Entered Level 2 of the Orcish Mines
 14159 | Orc:2    | Noticed an orc warlord
 14169 | Orc:2    | Reached ****** piety under Makhleb
 14375 | Orc:2    | Killed an orc warlord
 14604 | Orc:2    | Found Etwuxi's CLEARANCE SALE!.
 14674 | Orc:2    | Found a staircase to the Elven Halls.
 14732 | Orc:2    | Paralysed by an orc sorcerer for 2 turns
 15508 | Orc:2    | Found Cuskewn's Jewellery Shop.
 15508 | Orc:2    | Found Mobyufeff's Armour Shop.
 15524 | Orc:2    | Found Lucias's Weapon Boutique.
 15531 | Orc:2    | Found Nuklaah's Assorted Antiques.
 15601 | Orc:2    | Bought a potion of curing for 69 gold pieces
 15601 | Orc:2    | Bought a smouldering ring mail for 207 gold pieces
 15601 | Orc:2    | Identified the +0 ring mail "Enesaur" {Dex+3} (You bought
                  | it in a shop on level 2 of the Orcish Mines)
 15601 | Orc:2    | Bought a scroll of teleportation for 69 gold pieces
 15601 | Orc:2    | Bought a scroll labelled REPPAL OGHIAL for 23 gold pieces
 15601 | Orc:2    | Bought a scroll of fear for 92 gold pieces
 15601 | Orc:2    | Bought a scroll labelled VEUPEDD ZAEME for 23 gold pieces
 15862 | Lair:1   | Entered Level 1 of the Lair of Beasts
 16062 | Lair:1   | Upgraded the game from 0.31.0-7-gf635a9b802 to
                  | 0.31.0-9-g3a7656b989
 16073 | Lair:1   | Reached XP level 14. HP: 96/107 MP: 0/0
 16817 | Lair:2   | Mangled by a catoblepas

Illustrated notes

Levels and vault maps discovered:
D:1:      lordsloth_arrival_two_stooges, layout_rooms, minmay_tromino_v4_b
D:2:      layout_basic, minivault_4, hex_tiny, kennysheep_generic_room_9
D:3:      layout_loops_cross, nicolae_overflow_macrodata_refinement
D:4:      gammafunk_cloud_chamber, layout_loops_ring, serial_bayou,
          serial_bayou_pond_c, serial_bayou_pond_a, serial_bayou_shore_a,
          serial_bayou_pond_b, uniq_eustachio, uniq_ijyb, uniq_robin
D:5:      layout_basic, minmay_temple_entry_arrows
D:6:      cheibrodos_fzero, layout_layer_cave,
          nicolae_kikubaaqudgha_miasma_corner, gup_sewer_entry_pipe,
          nicolae_zig_zag_zippers
D:7:      layout_loops_cross, mainiacjoe_overflow_six_doors_small
D:8:      layout_loops_corners, grunt_temple_overflow_holy_war, lair_entry_dummy
D:9:      layout_roguey, lemuel_tele_altar, david_orc_5,
          gammafunk_ghost_nasty_kobolds, nicolae_diode_intersection
D:10:     layout_basic, enter_bailey_2, reono_crystal_passage, uniq_fannar
D:11:     layout_irregular_city, gauntlet_entry_generic,
          nicolae_ru_great_annihilating_truth, uniq_grum
Temple:   hellmonk_temple_forest_ring
Lair:1:   layout_gridlike, serial_bayou_pond_b, grunt_megastairs_5
Lair:2:   layout_regular_city, lemuel_fruit_fields
Orc:1:    layout_caves, david_defended_altar_orc
Orc:2:    st_orc_mages, layout_diamond_mine, nicolae_shop_clearance

Skill      XL: |  1  2  3  4  5  6  7  8  9 10 11 12 13 14 |
---------------+-------------------------------------------+-----
Fighting       | 1 2 3 4 5 7 8 9 11 12 | 12.4
Spellcasting   | 4 5 6 7 9 10 11 12 13 14 | 14.1
Conjurations   | 4 5 6 7 9 10 11 12 13 14 | 14.1
Hexes          | 4 5 6 7 9 10 11 12 13 14 | 14.1
Summonings     | 4 5 6 7 9 10 11 12 13 14 | 14.1
Necromancy     | 4 5 6 7 9 10 11 12 13 14 | 14.1
Translocations | 4 5 6 7 9 10 11 12 13 14 | 14.1
Fire Magic     | 4 5 6 7 9 10 11 12 13 14 | 14.1
Ice Magic      | 4 5 6 7 9 10 11 12 13 14 | 14.1
Air Magic      | 4 5 6 7 9 10 11 12 13 14 | 14.1
Earth Magic    | 4 5 6 7 9 10 11 12 13 14 | 14.1
Alchemy        | 4 5 6 7 9 10 11 12 13 14 | 14.1
Dodging        | 4 9 11 13 | 13.9
Stealth        | |  1.5

Action                     |  1- 3 |  4- 6 |  7- 9 | 10-12 | 13-15 || total
---------------------------+-------+-------+-------+-------+-------++-------
  Melee: Staff             |       |       |    16 |       |       ||    16
         Spear             |       |       |       |    13 |    21 ||    34
   Cast: Magic Dart        |    69 |    85 |   254 |   107 |   138 ||   653
         Searing Ray       |     2 |    14 |    36 |    14 |     3 ||    69
         Iskenderun's Myst |       |       |    18 |   194 |   138 ||   350
         Fulminant Prism   |       |       |     3 |    20 |    10 ||    33
         Leda's Liquefacti |       |       |       |     1 |       ||     1
         Summon Forest     |       |       |       |       |     1 ||     1
    Use: Scroll            |       |     3 |     3 |    12 |     1 ||    19
 Armour: Robe              |     6 |    10 |    23 |    63 |    49 ||   151
  Dodge: Dodged            |     8 |    10 |    41 |   107 |    45 ||   211
